 Dungeon Crawl Stone Soup version 0.31.0-1-g2c135a008e (webtiles) character file.

Game seed: 10785920301545933986

1101 qw the Shooter (level 8, -2/58 HPs)
             Began as a Djinni Hunter on Jan 23, 2024.
             Slain by Grum
             ... wielding a +1 spear
              (13 damage)
             ... on level 8 of the Dungeon.
             The game lasted 00:00:20 (3257 turns).

qw the Shooter (Djinni Hunter)                      Turns: 3257, Time: 00:00:20

Health: -2/58      AC:  7    Str: 10    XL:     8   Next: 58%
Gold:   272        EV: 12    Int: 11    God:
                   SH:  4    Dex: 19

rFire   + + .        a - +0 shortbow (drain)
rCold   x . .        (shield currently unavailable)
rNeg    . . .        i - +0 ring mail
rPois   inf          (no helmet)
rElec   .            (no cloak)
rCorr   .            k - +1 pair of gloves
SInv    .            (boots unavailable)
Will    .....        (no amulet)
Stlth   +            (no ring)
HPRegen 0.29/turn    (no ring)
MPRegen 0.00/turn

%: clarity, infuse magic (-3 HP)
@: about to teleport, flying
A: sickness immunity, fire resistance 2, cold vulnerability 1, float, innate
caster, HP casting, extra vitality 1, large bone plates 1, clarity
a: no special abilities


You were on level 8 of the Dungeon.
You visited 1 branch of the dungeon, and saw 6 of its levels.
You also visited: Sewer.

You collected 272 gold pieces.


Innate Abilities, Weirdness & Mutations

You are immune to sickness and miasma.
You are immune to poison.
Your flesh is very heat resistant. (rF++)
You are vulnerable to cold. (rC-)
You float through the air rather than walking.
You learn spells naturally, not from books.
Your magical power is your life essence.
You have superior vitality. (+4 MHP)
You are partially covered in large bone plates. (SH +4)
You possess an exceptional clarity of mind.


   Skills:
 + Level 4.2 Fighting
 - Level 7.3 Ranged Weapons
 - Level 2.0 Armour
 - Level 4.1 Dodging
 - Level 0.7 Stealth


You knew the following spells:

 Your Spells              Type           Power      Damage    Failure   Level
a - Sting                 Conj/Alch      0%         1d3       65%         1
b - Scorch                Fire           0%         2d5       80%         2
c - Swiftness             Air            0%         N/A       95%         3
Your spell library was empty.

Inventory:

Hand Weapons
 a - a +0 shortbow of draining (weapon)
Armour
 h - a +0 helmet
 i - a +0 ring mail (worn)
 k - a +1 pair of gloves (worn)
Scrolls
 c - a scroll of identify
 d - 3 scrolls of acquirement {unknown}
 f - a scroll of teleportation
Potions
 b - 2 potions of haste
 e - 2 potions of might
 g - a potion of heal wounds
 m - a potion of enlightenment

Dungeon Overview and Level Annotations

Branches:
Dungeon (5/15)              Sewer (visited)
 Temple: D:4-7

Altars:
Uskayaw

Annotations:
D:8 Grum


Message History

The wolf howls!
The arrow hits Grum.
Grum is lightly wounded.
The hornet closely misses you.
A wolf comes into view.
You block the hornet's attack.
You shoot an arrow. The wolf howls!
The arrow hits the hornet but does no damage.
You drain the hornet.
The hornet is heavily wounded.
A wolf comes into view.
The hornet completely misses you. You block Grum's attack.
You shoot an arrow. The arrow hits the hornet.
The hornet is heavily wounded.
The hornet stings you. The hornet completely misses you.
Grum barely misses you.
You shoot an arrow. The arrow completely misses the hornet.
The arrow hits Grum.
Grum is lightly wounded.
The hornet closely misses you. x2
Grum hits you from afar with a +1 spear.
You shoot an arrow. The arrow hits the hornet!
The hornet is severely wounded.
The hornet barely misses you.
Grum hits you from afar with a +1 spear!
The hornet stings you.
You shoot an arrow. The arrow misses the hornet.
The arrow hits Grum but does no damage.
Grum is lightly wounded.
The hornet barely misses you. Grum closely misses you.
The hornet closely misses you.
You shoot an arrow. The arrow hits the hornet!
You drain the hornet.
You kill the hornet!
Grum zaps a wand.
The puff of flame hits you. You resist.
Grum hits you from afar with a +1 spear!
Your Ranged Weapons skill increases to level 7!
3257 ||| READING 2 scrolls of teleportation.
As you read the scroll of teleportation, it crumbles to dust.
You feel strangely unstable.
Grum hits you from afar with a +1 spear!
You die...

###.77777%#
#..#.##
##.77...###..#.#
#..%%.......#.#
##########.##.#
..##.# ## #.#
#.# ##.#######.#
..hhhg%@...#
##.#########


You could see Grum and 3 wolves.

Vanquished Creatures
  A hornet (D:8)
  An ogre (D:4)
  A phantom (D:4)
  4 killer bees (D:8)
  2 bombardier beetles
  2 hounds (D:4)
  An orc priest (D:4)
  A gnoll bouda (D:5)
  2 iguanas (D:5)
  3 orc wizards (D:4)
  A hell rat (Sewer)
  3 gnolls (D:5)
  3 river rats (Sewer)
  5 adders
  4 dart slugs
  2 ribbon worms (D:3)
  11 orcs
  5 ball pythons
  8 endoplasms
  7 giant cockroaches
  7 hobgoblins
  2 jackals (D:1)
  6 quokkas
  5 bats
  5 frilled lizards
  4 goblins
  7 kobolds
  8 rats
111 creatures vanquished.

Notes
Turn   | Place    | Note
-------+----------+-------------------------------------------
     0 | D:1      | qw the Djinni Hunter began the quest for the Orb.
     0 | D:1      | Reached XP level 1. HP: 18/18 MP: 0/0
     0 | D:1      | 0 ||| qw: Version: 0.3-a-136-gdd3b4e8
     0 | D:1      | 0 ||| qw: Game counter: 1088
     0 | D:1      | 0 ||| qw: Melee chars always use a shield: true
     0 | D:1      | 0 ||| qw: God list: Okawaru
     0 | D:1      | 0 ||| qw: Allow faded altars: false
     0 | D:1      | 0 ||| qw: Do Orc after clearing Dungeon:15 true
     0 | D:1      | 0 ||| qw: Do second Lair branch before Depths: true
     0 | D:1      | 0 ||| qw: Lair rune preference: random
     0 | D:1      | 0 ||| qw: Goals: Normal
     0 | D:1      | 0 ||| PLANNING D:1-11
    75 | D:1      | Reached XP level 2. HP: 23/23 MP: 0/0
   288 | D:1      | Reached XP level 3. HP: 28/28 MP: 0/0
   288 | D:1      | Learned a level 1 spell: Sting
   290 | D:1      | Reached skill level 4 in Ranged Weapons
   480 | D:1      | 480 ||| UPGRADING to +0 ring mail.
   490 | D:1      | 490 ||| DROPPING +0 leather armour.
   491 | D:1      | 491 ||| READING 3 scrolls labelled HESHRA WILUX.
   492 | D:1      | 492 ||| READING scroll labelled EFUGHO POURGHAF.
   497 | D:1      | 497 ||| DROPPING scroll of butterflies.
   498 | D:1      | 498 ||| DROPPING 2 scrolls of fear.
   673 | D:2      | Reached skill level 1 in Armour
   760 | D:2      | Reached XP level 4. HP: 34/34 MP: 0/0
   929 | D:2      | Reached skill level 3 in Fighting
  1223 | D:2      | 1223 ||| READING 3 scrolls labelled WOAL RANUNGIE.
  1223 | D:2      | 1223 ||| IDENTIFYING pink potion
  1224 | D:2      | 1224 ||| READING 2 scrolls of identify.
  1224 | D:2      | 1224 ||| IDENTIFYING emerald potion
  1225 | D:2      | 1225 ||| DRINKING potion of mutation.
  1225 | D:2      | Gained mutation: You are partially covered in large bone
                  | plates. (SH +4) [potion of mutation]
  1225 | D:2      | Gained mutation: You possess an exceptional clarity of
                  | mind. [potion of mutation]
  1226 | D:2      | 1226 ||| READING scroll of identify.
  1226 | D:2      | 1226 ||| IDENTIFYING bubbling golden potion
  1227 | D:2      | 1227 ||| READING scroll labelled ESKISTRO DEORUY.
  1227 | D:2      | 1227 ||| BRANDING +0 shortbow.
  1228 | D:2      | 1228 ||| DRINKING 2 lumpy purple potions.
  1244 | D:3      | 1244 ||| STAIRDANCE
  1275 | D:3      | 1275 ||| READING scroll of brand weapon.
  1275 | D:3      | 1275 ||| BRANDING +0 shortbow of freezing.
  1284 | D:3      | Noticed a +0 spear
  1285 | D:3      | Noticed a +0 dagger
  1285 | D:3      | Noticed a +0 spear
  1285 | D:3      | Noticed a +0 short sword
  1286 | D:3      | Noticed a +0 falchion
  1286 | D:3      | Noticed a +0 short sword
  1313 | D:3      | Noticed a +0 falchion
  1313 | D:3      | Noticed a +0 dagger
  1332 | D:3      | Found a hide-covered altar of Uskayaw.
  1594 | D:3      | 1594 ||| UPGRADING to +1 pair of gloves.
  1599 | D:3      | 1599 ||| READING 2 scrolls of identify.
  1599 | D:3      | 1599 ||| IDENTIFYING bubbling red potion
  1600 | D:3      | 1600 ||| READING scroll of identify.
  1600 | D:3      | 1600 ||| IDENTIFYING fuming red potion
  1601 | D:3      | 1601 ||| READING scroll labelled CEPPAEMY ZICK.
  1602 | D:3      | 1602 ||| DRINKING 2 amethyst potions.
  1603 | D:3      | 1603 ||| DROPPING potion of invisibility.
  1604 | D:3      | 1604 ||| DROPPING potion of degeneration.
  1605 | D:3      | 1605 ||| DROPPING potion of brilliance.
  1617 | D:4      | 1617 ||| PLANNING SEWER
  1728 | D:4      | 1728 ||| FLEEEEING.
  1738 | D:4      | Reached XP level 5. HP: 38/40 MP: 0/0
  1738 | D:4      | Learned a level 2 spell: Scorch
  1853 | D:4      | Noticed a phantom
  1878 | D:4      | Killed a phantom
  1879 | D:4      | Reached skill level 5 in Ranged Weapons
  1879 | D:4      | Reached XP level 6. HP: 15/46 MP: 0/0
  2001 | D:4      | Found a glowing drain.
  2002 | D:4      | 2002 ||| READING scroll of identify.
  2002 | D:4      | 2002 ||| IDENTIFYING blue potion
  2003 | D:4      | 2003 ||| READING scroll labelled PUKAUMN DIRITA.
  2013 | Sewer    | Entered a sewer
  2060 | Sewer    | Reached skill level 3 in Dodging
  2126 | Sewer    | 2126 ||| READING scroll of identify.
  2126 | Sewer    | 2126 ||| IDENTIFYING 2 ruby potions
  2127 | Sewer    | 2127 ||| DROPPING 2 potions of lignification.
  2138 | D:4      | 2138 ||| PLANNING D:1-11
  2296 | D:4      | Noticed an ogre
  2304 | D:4      | 2304 ||| RETREEEEATING.
  2305 | D:4      | 2305 ||| RETREEEEATING.
  2306 | D:4      | 2306 ||| RETREEEEATING.
  2307 | D:4      | 2307 ||| RETREEEEATING.
  2312 | D:4      | HP: 6/46 [ogre/+0 giant club (9)]
  2313 | D:4      | 2313 ||| READING 3 scrolls of teleportation.
  2314 | D:4      | 2314 ||| DRINKING 3 potions of heal wounds.
  2316 | D:4      | 2316 ||| DRINKING 2 potions of heal wounds.
  2317 | D:4      | Killed an ogre
  2318 | D:4      | Reached XP level 7. HP: 46/52 MP: 0/0
  2318 | D:4      | Learned a level 3 spell: Swiftness
  2373 | D:4      | 2373 ||| FLEEEEING.
  2374 | D:4      | 2374 ||| FLEEEEING.
  2376 | D:4      | 2376 ||| FLEEEEING.
  2377 | D:4      | 2377 ||| FLEEEEING.
  2379 | D:4      | 2379 ||| FLEEEEING.
  2380 | D:4      | 2380 ||| FLEEEEING.
  2622 | D:5      | Entered Level 5 of the Dungeon
  2627 | D:5      | Reached skill level 6 in Ranged Weapons
  2883 | D:5      | Reached XP level 8. HP: 58/58 MP: 0/0
  3076 | D:5      | You are sucked into a shaft and drop 3 floors!
  3243 | D:8      | Noticed a hornet
  3246 | D:8      | Noticed Grum
  3256 | D:8      | Killed a hornet
  3256 | D:8      | HP: 11/58 [Grum/+1 spear (15)]
  3257 | D:8      | Reached skill level 7 in Ranged Weapons
  3257 | D:8      | 3257 ||| READING 2 scrolls of teleportation.
  3257 | D:8      | Slain by Grum

Levels and vault maps discovered:
D:1:      dpeg_arrival_rooms_b, layout_rooms
D:2:      layout_basic, kennysheep_generic_room_15
D:3:      layout_basic, nicolae_uskayaw_en_pointe, st_stairs_9
D:4:      layout_basic, portal_sewer_entry_f
D:5:      layout_basic, lemuel_coloured_pillars_altar,
          minmay_temple_entry_statues_pillars
D:8:      layout_loops_ring, old_standard_altar,
          nicolae_qazlal_general_emergency, vehumet_statue, lair_entry_dummy,
          nrook_campfire, uniq_grum

Skill      XL: |  1  2  3  4  5  6  7  8 |
---------------+-------------------------+-----
Ranged Weapons | 4 5 6 7 |  7.3
Armour         | 1 2 |  2.0
Fighting       | 3 4 |  4.2
Dodging        | 3 4 |  4.1
Stealth        | |  0.7

Action                     |  1- 3 |  4- 6 |  7- 9 || total
---------------------------+-------+-------+-------++-------
   Fire: Shortbow          |    85 |   194 |   131 ||   410
    Use: Scroll            |     2 |    12 |     1 ||    15
         Potion            |       |     5 |       ||     5
 Armour: Leather armour    |    15 |       |       ||    15
         Ring mail         |     4 |    73 |    60 ||   137
  Dodge: Dodged            |    19 |    61 |    54 ||   134
  Block: Other             |       |    14 |    19 ||    33

Table legend:
 A = Non-vault XP
 B = Vault XP
 C = Vault XP percentage of total XP
 D = Non-vault monster count
 E = Vault monster count
 F = Vault count percentage of total count
                 A         B        C        D         E       F
            +---------+---------+-------+---------+---------+-------
      Total |    1481 |      93 |   5.9 |      95 |      16 |  14.4
            +---------+---------+-------+---------+---------+-------
        D:1 |      38 |       0 |   0.0 |      19 |       0 |   0.0
        D:2 |      64 |       2 |   3.0 |      17 |       2 |  10.5
        D:3 |      20 |       3 |  13.0 |      11 |       2 |  15.4
        D:4 |     570 |      10 |   1.7 |      32 |       5 |  13.5
        D:5 |     232 |       0 |   0.0 |      11 |       0 |   0.0
        D:8 |     557 |       0 |   0.0 |       5 |       0 |   0.0
      Sewer |       0 |      78 | 100.0 |       0 |       7 | 100.0
            +---------+---------+-------+---------+---------+-------
